| TOP OF THE 1ST |
|
Oakland Oaks batting - Pitching for Calgary Flames : RHP Jason Cekic
|
|
Pitching: RHP Jason Cekic
|
|
|
Batting: LHB Justin LeFlore
|
0-0: Ground out 3-1 (Groundball, 34S, EV 83.8 MPH)
|
|
Batting: SHB Steve McGee
|
0-0: Ball 1-0: Ball 2-0: Ball 3-0: Base on Balls
|
|
Batting: RHB Phoctor Dill
|
0-0: SINGLE (Flyball, 6MD, EV 90.0 MPH) Steve McGee to second
|
|
Batting: RHB Shi-xian Da
|
0-0: Called Strike 0-1: Ball 1-1: SINGLE (Groundball, 5, EV 101.2 MPH) Steve McGee to third Phoctor Dill to second Runner from 3rd tries for Home, SAFE, throw by LF to home
|
|
Batting: SHB Chris King
|
0-0: SINGLE (Line Drive, 78S, EV 93.1 MPH) Phoctor Dill to third Shi-xian Da to second Runner from 3rd tries for Home, SAFE, throw by LF to home
|
|
Batting: LHB Bryan Hodensack
|
0-0: Hit by Pitch Shi-xian Da to third Chris King to second
|
|
Batting: LHB Diego Vega
|
0-0: Ball 1-0: Ball 2-0: Called Strike 2-1: Foul Ball, location: 2F 2-2: Strikes out looking
|
|
Batting: RHB Mario Medina
|
0-0: Ball 1-0: Fielders Choice at 2nd, 6-4 (Groundball, 6, EV 88.1 MPH)
|
| Top of the 1st over - 2 runs, 3 hits, 0 errors, 3 left on base; Oakland 2 - Calgary 0 |
| BOTTOM OF THE 1ST |
|
Calgary Flames batting - Pitching for Oakland Oaks : RHP Eric Hanrahan
|
|
Pitching: RHP Eric Hanrahan
|
|
|
Batting: LHB Garrett Dodge
|
0-0: Foul Ball, location: 2F 0-1: Fly out, F8 (Flyball, 8LXD, EV 88.1 MPH)
|
|
Batting: RHB Andre Thompson
|
0-0: Ball 1-0: Ball 2-0: Ball 3-0: Called Strike 3-1: Base on Balls
|
|
Batting: RHB Norinaga Yamakawakamatsu
|
0-0: Called Strike 0-1: Swinging Strike 0-2: Ball 1-2: Ball 2-2: Strikes out swinging
|
|
Batting: LHB Gary Corrales
|
0-0: Fly out, F8 (Flyball, 89D, EV 95.6 MPH)
|
| Bottom of the 1st over - 0 runs, 0 hits, 0 errors, 1 left on base; Oakland 2 - Calgary 0 |
| TOP OF THE 2ND |
|
Oakland Oaks batting - Pitching for Calgary Flames : RHP Jason Cekic
|
|
Batting: RHB Matt Nehman
|
0-0: Called Strike 0-1: Swinging Strike 0-2: Ball 1-2: Ground out 1-3 (Groundball, 13S, EV 65.6 MPH)
|
|
Batting: LHB Justin LeFlore
|
0-0: Swinging Strike 0-1: Ball 1-1: Called Strike 1-2: Ball 2-2: Foul Ball, location: 2F 2-2: SINGLE (Line Drive, 9LS, EV 98.1 MPH)
|
|
Batting: SHB Steve McGee
|
0-0: Called Strike 0-1: SINGLE (Groundball, 4M, EV 100.0 MPH) (infield hit) Justin LeFlore to second
|
|
Batting: RHB Phoctor Dill
|
0-0: Ball 1-0: Called Strike 1-1: Foul Ball, location: 2F 1-2: SINGLE (Groundball, 34D, EV 110.0 MPH) Justin LeFlore to third Steve McGee to second Runner from 3rd tries for Home, SAFE, throw by RF to home
|
|
Batting: RHB Shi-xian Da
|
0-0: Ball 1-0: Reached on error, E4 (Groundball, 4S, EV 87.5 MPH) Steve McGee to third Phoctor Dill to second
|
|
Batting: SHB Chris King
|
0-0: Called Strike 0-1: Ball 1-1: Fly out, F7 (Flyball, 7LM, EV 92.5 MPH) Runner from 3rd tags up, SCORES, throw by LF Phoctor Dill to third
|
|
Batting: LHB Bryan Hodensack
|
0-0: Ball 1-0: Foul Ball, location: 2F 1-1: Single, Error in OF, E8, batter to second base (Line Drive, 4D, EV 101.2 MPH) Phoctor Dill scores Shi-xian Da to third
|
|
Batting: LHB Diego Vega
|
0-0: Foul Ball, location: 2F 0-1: Foul Ball, location: 2F 0-2: Ball 1-2: Ball 2-2: Ball 3-2: Base on Balls
|
|
Batting: RHB Mario Medina
|
0-0: Foul Ball, location: 2F 0-1: Reached on error, E6 (Groundball, 56, EV 100.6 MPH) Shi-xian Da scores Bryan Hodensack to third Diego Vega to second
|
|
Batting: RHB Matt Nehman
|
0-0: Foul Ball, location: 2F 0-1: Called Strike 0-2: Strikes out looking
|
| Top of the 2nd over - 4 runs, 4 hits, 3 errors, 3 left on base; Oakland 6 - Calgary 0 |
| BOTTOM OF THE 2ND |
|
Calgary Flames batting - Pitching for Oakland Oaks : RHP Eric Hanrahan
|
|
Batting: RHB Juan Mercado
|
0-0: Ground out 4-3 (Groundball, 4, EV 103.1 MPH)
|
|
Batting: RHB Tyler Johnson
|
0-0: Ball 1-0: Called Strike 1-1: Swinging Strike 1-2: Foul Ball, location: 2F 1-2: Ball 2-2: Foul Ball, location: 2F 2-2: Ball 3-2: SINGLE (Groundball, 6MD, EV 103.1 MPH)
|
|
Batting: RHB Antonio Martinez
|
0-0: Ball 1-0: Called Strike 1-1: Ball 2-1: Ball 3-1: Foul Ball, location: 2F 3-2: Fielders Choice at 2nd, 1-6 (Groundball, 34S, EV 66.2 MPH)
|
|
Batting: RHB Rod Johnson
|
0-0: Ball 1-0: Ball 2-0: Ball 3-0: Called Strike 3-1: Swinging Strike 3-2: Foul Ball, location: 2F 3-2: Strikes out looking
|
| Bottom of the 2nd over - 0 runs, 1 hit, 0 errors, 1 left on base; Oakland 6 - Calgary 0 |
| TOP OF THE 3RD |
|
Oakland Oaks batting - Pitching for Calgary Flames : RHP Jason Cekic
|
|
Batting: LHB Justin LeFlore
|
0-0: Fly out, F8 (Line Drive, 8RM, EV 85.0 MPH)
|
|
Batting: SHB Steve McGee
|
0-0: Ground out 5-3 (Groundball, 6, EV 84.4 MPH)
|
|
Batting: RHB Phoctor Dill
|
0-0: Called Strike 0-1: Foul Ball, location: 2F 0-2: Strikes out swinging
|
| Top of the 3rd over - 0 runs, 0 hits, 0 errors, 0 left on base; Oakland 6 - Calgary 0 |
| BOTTOM OF THE 3RD |
|
Calgary Flames batting - Pitching for Oakland Oaks : RHP Eric Hanrahan
|
|
Batting: RHB Pablo Henriquez
|
0-0: Foul Ball, location: 2F 0-1: Ball 1-1: Called Strike 1-2: SINGLE (Line Drive, 8RS, EV 86.9 MPH)
|
|
Batting: LHB Garrett Dodge
|
0-0: Foul Ball, location: 2F 0-1: Ball 1-1: Foul Ball, location: 2F 1-2: Ball 2-2: Ball 3-2: Foul Ball, location: 2F 3-2: Foul Ball, location: 2F 3-2: Foul Ball, location: 2F 3-2: Base on Balls Pablo Henriquez to second
|
|
Batting: RHB Andre Thompson
|
0-0: Swinging Strike 0-1: Ball 1-1: Swinging Strike 1-2: Foul Ball, location: 2F 1-2: Strikes out swinging
|
|
Batting: RHB Norinaga Yamakawakamatsu
|
0-0: SINGLE (Groundball, 56S, EV 67.5 MPH) (infield hit) Pablo Henriquez to third Garrett Dodge to second
|
|
Batting: LHB Gary Corrales
|
0-0: Called Strike 0-1: Fielders Choice at 2nd, 3-6 (Groundball, 3, EV 98.1 MPH) Pablo Henriquez scores Garrett Dodge to third
|
|
Batting: RHB Juan Mercado
|
0-0: Called Strike 0-1: Called Strike 0-2: Ball 1-2: Ground out 3-1 (Groundball, 34S, EV 86.9 MPH)
|
| Bottom of the 3rd over - 1 run, 2 hits, 0 errors, 2 left on base; Oakland 6 - Calgary 1 |
| TOP OF THE 4TH |
|
Oakland Oaks batting - Pitching for Calgary Flames : RHP Jason Cekic
|
|
Batting: RHB Shi-xian Da
|
0-0: Swinging Strike 0-1: Ball 1-1: Foul Ball, location: 2F 1-2: Foul Ball, location: 2F 1-2: Strikes out swinging
|
|
Batting: SHB Chris King
|
0-0: Ball 1-0: Ground out 4-3 (Groundball, 4, EV 101.2 MPH)
|
|
Batting: LHB Bryan Hodensack
|
0-0: Called Strike 0-1: Fly out, F9 (Flyball, 9LM, EV 83.1 MPH)
|
| Top of the 4th over - 0 runs, 0 hits, 0 errors, 0 left on base; Oakland 6 - Calgary 1 |
| BOTTOM OF THE 4TH |
|
Calgary Flames batting - Pitching for Oakland Oaks : RHP Eric Hanrahan
|
|
Batting: RHB Tyler Johnson
|
0-0: Ball 1-0: Ball 2-0: Fly out, F7 (Line Drive, 78S, EV 96.2 MPH)
|
|
Batting: RHB Antonio Martinez
|
0-0: Called Strike 0-1: Ball 1-1: Fly out, F9 (Flyball, 9LSF, EV 84.4 MPH)
|
|
Batting: RHB Rod Johnson
|
0-0: Ball 1-0: Called Strike 1-1: Ball 2-1: Foul Ball, location: 2F 2-2: Ball 3-2: Foul Ball, location: 2F 3-2: Base on Balls
|
|
Batting: RHB Pablo Henriquez
|
0-0: Ball 1-0: Swinging Strike 1-1: Reached on error, E5 (Groundball, 56S, EV 82.5 MPH) Rod Johnson to third
|
|
Batting: LHB Garrett Dodge
|
0-0: Ball 1-0: Foul Ball, location: 2F 1-1: Foul Ball, location: 2F 1-2: Strikes out looking
|
| Bottom of the 4th over - 0 runs, 0 hits, 1 error, 2 left on base; Oakland 6 - Calgary 1 |
| TOP OF THE 5TH |
|
Oakland Oaks batting - Pitching for Calgary Flames : RHP Jason Cekic
|
|
Batting: LHB Diego Vega
|
0-0: Ball 1-0: Ball 2-0: Ball 3-0: Base on Balls
|
|
Pitching: RHP Vicente Gonzalez
|
|
|
Batting: RHB Mario Medina
|
0-0: Ball 1-0: Foul Ball, location: 2F 1-1: SINGLE (Flyball, 78S, EV 88.1 MPH) Diego Vega to second
|
|
Batting: RHB Matt Nehman
|
0-0: Ball 1-0: Swinging Strike 1-1: DOUBLE (Line Drive, 7LS, EV 100.0 MPH) Diego Vega scores Mario Medina to third
|
|
Batting: LHB Justin LeFlore
|
0-0: Called Strike 0-1: Foul Ball, location: 2F 0-2: SINGLE (Groundball, 34S, EV 65.0 MPH) (infield hit)
|
|
Batting: SHB Steve McGee
|
0-0: Swinging Strike 0-1: Fly out, F5 (Popup, 25F, EV 88.1 MPH)
|
|
Batting: RHB Phoctor Dill
|
0-0: Fly out, F8 (Flyball, 78S, EV 81.9 MPH)
|
|
Batting: RHB Shi-xian Da
|
0-0: Ground out 5-3 (Groundball, 56S, EV 80.6 MPH)
|
| Top of the 5th over - 1 run, 3 hits, 0 errors, 3 left on base; Oakland 7 - Calgary 1 |
| BOTTOM OF THE 5TH |
|
Calgary Flames batting - Pitching for Oakland Oaks : RHP Eric Hanrahan
|
|
Batting: RHB Andre Thompson
|
0-0: Called Strike 0-1: SOLO HOME RUN (Flyball, 7D, EV 99.4 MPH), Distance : 409 ft
|
|
Batting: RHB Norinaga Yamakawakamatsu
|
0-0: Called Strike 0-1: Called Strike 0-2: Ball 1-2: Ball 2-2: Foul Ball, location: 2F 2-2: Strikes out swinging
|
|
Batting: LHB Gary Corrales
|
0-0: Ball 1-0: Ground out 5-3 (Groundball, 56, EV 106.2 MPH)
|
|
Batting: RHB Juan Mercado
|
0-0: Foul Ball, location: 2F 0-1: Swinging Strike 0-2: Strikes out looking
|
| Bottom of the 5th over - 1 run, 1 hit, 0 errors, 0 left on base; Oakland 7 - Calgary 2 |
| TOP OF THE 6TH |
|
Oakland Oaks batting - Pitching for Calgary Flames : RHP Vicente Gonzalez
|
|
Batting: SHB Chris King
|
0-0: Foul Ball, location: 2F 0-1: Swinging Strike 0-2: Ball 1-2: SINGLE (Flyball, 3D, EV 96.2 MPH)
|
|
Batting: LHB Bryan Hodensack
|
0-0: Ball 1-0: Ball 2-0: Ball 3-0: Called Strike 3-1: Foul Ball, location: 2F 3-2: Hit by Pitch Chris King to second
|
|
Batting: LHB Diego Vega
|
0-0: Foul Ball, location: 2F 0-1: Ball 1-1: Foul Ball, location: 2F 1-2: Ball 2-2: Foul Ball, location: 2F 2-2: Ball 3-2: Base on Balls Chris King to third Bryan Hodensack to second
|
|
Batting: RHB Mario Medina
|
0-0: Ball 1-0: Fly out, F8 (Flyball, 8RD, EV 93.8 MPH) Runner from 3rd tags up, SCORES, throw by CF Bryan Hodensack to third
|
|
Batting: RHB Matt Nehman
|
0-0: Called Strike 0-1: Called Strike 0-2: Ball 1-2: Ball 2-2: Foul Ball, location: 2F 2-2: Foul Ball, location: 2F 2-2: Foul Ball, location: 2F 2-2: Foul Ball, location: 2F 2-2: Ball 3-2: Base on Balls Diego Vega to second
|
|
Batting: LHB Justin LeFlore
|
0-0: Fielders Choice at 2nd, 4-6 (Groundball, 4M, EV 78.1 MPH) Bryan Hodensack scores Diego Vega to third
|
|
Batting: SHB Steve McGee
|
0-0: Ball 1-0: Foul Ball, location: 2F 1-1: Hit by Pitch Justin LeFlore to second
|
|
Pitching: RHP Scott Howarth
|
|
|
Batting: RHB Phoctor Dill
|
0-0: Called Strike 0-1: Foul Ball, location: 2F 0-2: Strikes out swinging
|
| Top of the 6th over - 2 runs, 1 hit, 0 errors, 3 left on base; Oakland 9 - Calgary 2 |
| BOTTOM OF THE 6TH |
|
Calgary Flames batting - Pitching for Oakland Oaks : RHP Eric Hanrahan
|
|
Batting: RHB Tyler Johnson
|
0-0: Ball 1-0: Reached on error, E3 (Groundball, 34, EV 106.9 MPH)
|
|
Pitching: LHP Artemio Millares
|
|
|
Batting: RHB Antonio Martinez
|
0-0: Ball 1-0: Grounds into double play, 6-4-3 (Groundball, 6, EV 86.2 MPH)
|
|
Batting: RHB Rod Johnson
|
0-0: Ground out 2-3 (Groundball, 13S, EV 63.1 MPH)
|
| Bottom of the 6th over - 0 runs, 0 hits, 1 error, 0 left on base; Oakland 9 - Calgary 2 |
| TOP OF THE 7TH |
|
Oakland Oaks batting - Pitching for Calgary Flames : RHP Scott Howarth
|
|
Batting: RHB Shi-xian Da
|
0-0: Foul Ball, location: 2F 0-1: Fly out, F3 (Popup, 3SF, EV 76.2 MPH)
|
|
Batting: SHB Chris King
|
0-0: Swinging Strike 0-1: Foul Ball, location: 2F 0-2: Fly out, F9 (Flyball, 9D, EV 78.1 MPH)
|
|
Batting: LHB Bryan Hodensack
|
0-0: Ball 1-0: Swinging Strike 1-1: Called Strike 1-2: Ball 2-2: Strikes out looking
|
| Top of the 7th over - 0 runs, 0 hits, 0 errors, 0 left on base; Oakland 9 - Calgary 2 |
| BOTTOM OF THE 7TH |
|
Calgary Flames batting - Pitching for Oakland Oaks : LHP Artemio Millares
|
|
Batting: RHB Pablo Henriquez
|
0-0: Called Strike 0-1: Swinging Strike 0-2: Ball 1-2: Foul Ball, location: 2F 1-2: Strikes out swinging
|
|
Pinch Hitting: RHB Andy Thomas
|
0-0: Called Strike 0-1: Ball 1-1: Swinging Strike 1-2: Ball 2-2: Fly out, F7 (Line Drive, 7, EV 89.4 MPH)
|
|
Batting: RHB Andre Thompson
|
0-0: Ball 1-0: Ball 2-0: Foul Ball, location: 2F 2-1: Foul Ball, location: 2F 2-2: Ball 3-2: Base on Balls
|
|
Pinch Hitting: RHB Matt Parkinson
|
0-0: Called Strike 0-1: Swinging Strike 0-2: Strikes out looking
|
| Bottom of the 7th over - 0 runs, 0 hits, 0 errors, 1 left on base; Oakland 9 - Calgary 2 |
| TOP OF THE 8TH |
|
Oakland Oaks batting - Pitching for Calgary Flames : RHP Scott Howarth
|
|
Now at 1B: Bruce Daley
|
|
|
Now in CF: Peter Frankel
|
|
|
Now in RF: Antonio Martinez
|
|
|
Batting: LHB Diego Vega
|
0-0: Swinging Strike 0-1: Ball 1-1: Called Strike 1-2: Strikes out looking
|
|
Batting: RHB Mario Medina
|
0-0: Called Strike 0-1: Ball 1-1: Ball 2-1: Ball 3-1: Swinging Strike 3-2: Strikes out looking
|
|
Batting: RHB Bill Cabrera
|
0-0: Swinging Strike 0-1: Foul Ball, location: 2F 0-2: Ball 1-2: Fly out, F7 (Line Drive, 7, EV 91.9 MPH)
|
| Top of the 8th over - 0 runs, 0 hits, 0 errors, 0 left on base; Oakland 9 - Calgary 2 |
| BOTTOM OF THE 8TH |
|
Calgary Flames batting - Pitching for Oakland Oaks : LHP Artemio Millares
|
|
Batting: LHB Gary Corrales
|
0-0: Ball 1-0: Swinging Strike 1-1: Ball 2-1: Ball 3-1: Called Strike 3-2: Ground out 4-3 (Groundball, 4, EV 78.8 MPH)
|
|
Batting: RHB Juan Mercado
|
0-0: Ball 1-0: Ground out U3 (Groundball, 34, EV 83.1 MPH)
|
|
Batting: RHB Tyler Johnson
|
0-0: Ground out 5-3 (Groundball, 56, EV 101.9 MPH)
|
| Bottom of the 8th over - 0 runs, 0 hits, 0 errors, 0 left on base; Oakland 9 - Calgary 2 |
| TOP OF THE 9TH |
|
Oakland Oaks batting - Pitching for Calgary Flames : RHP Scott Howarth
|
|
Batting: LHB Justin LeFlore
|
0-0: Ball 1-0: Ball 2-0: Foul Ball, location: 2F 2-1: Foul Ball, location: 2F 2-2: Strikes out swinging
|
|
Pinch Hitting: LHB Ben Goldstein
|
0-0: Ball 1-0: Called Strike 1-1: Swinging Strike 1-2: SINGLE (Line Drive, 7LS, EV 93.8 MPH)
|
|
Pitching: RHP John Stiff
|
|
|
Batting: RHB Phoctor Dill
|
0-0: Ball 1-0: Swinging Strike 1-1: 2-RUN HOME RUN (Flyball, 78XD, EV 106.9 MPH), Distance : 455 ft
|
|
Batting: RHB Shi-xian Da
|
0-0: Foul Ball, location: 2F 0-1: Foul Ball, location: 2F 0-2: Ball 1-2: Foul Ball, location: 2F 1-2: Ball 2-2: Ball 3-2: Reached on error, E3 (Groundball, 34, EV 77.5 MPH)
|
|
Batting: SHB Chris King
|
0-0: Called Strike 0-1: Ball 1-1: Hit by Pitch Shi-xian Da to second
|
|
Batting: LHB Bryan Hodensack
|
0-0: Hit by Pitch Shi-xian Da to third Chris King to second
|
|
Batting: LHB Diego Vega
|
0-0: Called Strike 0-1: Called Strike 0-2: Ball 1-2: Foul Ball, location: 2F 1-2: Strikes out looking
|
|
Pinch Hitting: RHB Moises Guzman
|
0-0: Fielders Choice at 2nd, 6-4 (Groundball, 6, EV 93.1 MPH)
|
| Top of the 9th over - 2 runs, 2 hits, 1 error, 3 left on base; Oakland 11 - Calgary 2 |
| BOTTOM OF THE 9TH |
|
Calgary Flames batting - Pitching for Oakland Oaks : LHP Artemio Millares
|
|
Now at C: Dave Villarreal
|
|
|
Now at SS: Edwin Nunez
|
|
|
Pinch Hitting: RHB Willie Torres
|
0-0: Called Strike 0-1: Foul Ball, location: 2F 0-2: Foul Ball, location: 2F 0-2: Ball 1-2: Fly out, F6 (Popup, 15S, EV 81.9 MPH)
|
|
Pinch Hitting: RHB Ahmed Elezi
|
0-0: Ball 1-0: Swinging Strike 1-1: Called Strike 1-2: Strikes out swinging
|
|
Pinch Hitting: RHB Alejandro Patron
|
0-0: Called Strike 0-1: Foul Ball, location: 2F 0-2: Ball 1-2: SOLO HOME RUN (Flyball, 78XD, EV 110.0 MPH), Distance : 445 ft
|
|
Batting: RHB Peter Frankel
|
0-0: Ball 1-0: Swinging Strike 1-1: Fly out, F8 (Flyball, 8LXD, EV 94.4 MPH)
|
| Bottom of the 9th over - 1 run, 1 hit, 0 errors, 0 left on base; Oakland 11 - Calgary 3 |
|